 Dungeon Crawl Stone Soup version 0.22-a0-322-g60b3cfd (webtiles) character file.

189 Cattac the Skirmisher (level 5, -2/47 HPs)
             Began as a Demonspawn Abyssal Knight on Apr 5, 2018.
             Was a Believer of Lugonu.
             Succumbed to Edmund's poison
             ... on level 4 of the Dungeon.
             The game lasted 00:18:02 (3153 turns).

Cattac the Skirmisher (Demonspawn Abyssal Knight)   Turns: 3153, Time: 00:18:03

Health: -2/47      AC: 12    Str: 13    XL:     5   Next: 40%
Magic:  0/2        EV: 11    Int: 19    God:    Lugonu [**....]
Gold:   149        SH:  0    Dex: 12    Spells: 4/4 levels left

rFire    + . .     SeeInvis .   j - +0 whip (antimagic)
rCold    . . .     Gourm    .   (no shield)
rNeg     . . .     Faith    .   m - +3 leather armour
rPois    .         Spirit   .   (helmet restricted)
rElec    .         Reflect  .   (no cloak)
rCorr    .         Harm     .   k - +2 pair of gloves
MR       .....                  p - +0 pair of boots (curse)
Stlth    +.........             (no amulet)
HPRegen  0.15/turn              (no ring)
MPRegen  0.08/turn              (no ring)

@: brilliant, lethally poisoned (-2 -> -43)
A: horns 1, molten scales 1, demonic guardian 1, fire resistance 1, robust 1
a: Depart the Abyss, Bend Space, Renounce Religion


You were on level 4 of the Dungeon.
You worshipped Lugonu.
Lugonu was pleased with you.
You were not hungry.

You visited 1 branch of the dungeon, and saw 4 of its levels.
You visited the Abyss 1 time.

You collected 149 gold pieces.

Inventory:

Hand Weapons
 a - a +1 spear
 j - a +0 antimagic whip (weapon)
Armour
 k - a +2 pair of gloves (worn)
 m - a +3 leather armour (worn)
 p - a cursed +0 pair of boots (worn)
Jewellery
 e - an uncursed ring of ice
 o - an uncursed amulet of magic regeneration {unknown}
Wands
 l - a wand of acid (4)
Scrolls
 g - a scroll of remove curse {unknown}
 h - a scroll of immolation {unknown}
 n - a scroll of amnesia {unknown}
Comestibles
 c - 10 rations


   Skills:
 * Level 4.8 Fighting
 + Level 1.6 Maces & Flails
 - Level 2.1 Polearms
 + Level 2.9 Armour
 - Level 0.8 Dodging
 - Level 2.6 Invocations


You had 4 spell levels left.
You didn't know any spells.

Dungeon Overview and Level Annotations

Branches:
Dungeon (4/15)
 Temple: D:4-7

Altars:
Gozag
Kikubaaqudgha
Okawaru
Qazlal
Ru
Yredelemnul

Annotations:
D:4 Edmund, Menkaure


Innate Abilities, Weirdness & Mutations

You have a pair of small horns on your head.
You are partially covered in molten scales. (AC +2)
A weak demonic guardian rushes to your aid.
Your flesh is heat resistant. (rF+)
You are robust. (+10% HP)


Message History

You are more poisoned.
It was a potion of brilliance.
You feel clever all of a sudden.
You feel very sick.
Your quasit bites Edmund.
Your quasit claws Edmund but does no damage.
Your quasit barely misses Edmund.
Edmund hits you with a flail of venom.
* * * LOW HITPOINT WARNING * * *
You are more poisoned.
Okay, then.
Space bends around you!
You blink.
* * * LOW HITPOINT WARNING * * *
You feel very sick.
Your quasit bites Edmund.
Your quasit claws Edmund but does no damage. x2
Your quasit bites Edmund.
Your quasit misses Edmund.
Your quasit claws Edmund but does no damage.
It was a potion of mutation.
You feel extremely strange.
You feel robust.
You feel resistant to heat.
You die...

..(.. #. ...... # #. ##
.$....######.# #....
.......#....#.####.##.#.
......#.................
...#..#...@5#.####.####<
.....!.M..ยง............#
......#....##.####.###.#
.......@........ #.#
..............### #.#
....##........########.#
... ...................#
.. ####.##.##.##########
#....##.# #.. ###.# #..
#.# # #.#


You could see Edmund, Menkaure and a friendly quasit.

Vanquished Creatures
  A centaur (D:3)
  A hound (D:4)
  3 gnolls (D:3)
  A worm (D:3)
  2 dart slugs
  A leopard gecko (D:3)
  An orc (D:3)
  A ball python (D:1)
  4 giant cockroaches
  4 goblins
  5 hobgoblins
  4 jackals (D:2)
  2 quokkas (D:3)
  4 bats
  5 frilled lizards
  8 kobolds
  2 rats
49 creatures vanquished.

Notes
Turn   | Place    | Note
-------+----------+-------------------------------------------
     0 | Abyss:1  | Cattac the Demonspawn Abyssal Knight began the quest for the Orb.
     0 | Abyss:1  | Reached XP level 1. HP: 18/18 MP: 2/2
     0 | D:1      | Escaped the Abyss
   283 | D:1      | Gained mutation: You have a pair of small horns on your head. [demonic ancestry]
   283 | D:1      | Reached XP level 2. HP: 18/24 MP: 3/3
   517 | D:1      | Reached * piety under Lugonu
  1189 | D:2      | Found a sacrificial altar of Ru.
  1268 | D:2      | Reached XP level 3. HP: 27/29 MP: 1/4
  1719 | D:2      | Found a stormy altar of Qazlal.
  1993 | D:3      | Found an iron altar of Okawaru.
  2121 | D:3      | Reached skill level 4 in Fighting
  2125 | D:3      | Gained mutation: You are partially covered in molten scales. (AC +2) [demonic ancestry]
  2125 | D:3      | Reached XP level 4. HP: 11/37 MP: 1/5
  2367 | D:3      | Found a basalt altar of Yredelemnul.
  2393 | D:3      | Found an ancient bone altar of Kikubaaqudgha.
  2467 | D:3      | Reached skill level 1 in Maces & Flails
  2663 | D:3      | Noticed a centaur
  2683 | D:3      | Killed a centaur
  2683 | D:3      | Gained mutation: A weak demonic guardian rushes to your aid. [demonic ancestry]
  2683 | D:3      | Reached XP level 5. HP: 31/43 MP: 2/6
  2872 | D:3      | Found an opulent altar of Gozag.
  3045 | D:3      | Reached ** piety under Lugonu
  3091 | D:4      | Noticed Edmund
  3149 | D:4      | Noticed Menkaure
  3152 | D:4      | HP: 2/43 [poisoned by Edmund]
  3153 | D:4      | Gained mutation: You are robust. (+10% HP) [potion of mutation]
  3153 | D:4      | Gained mutation: Your flesh is heat resistant. (rF+) [potion of mutation]
  3153 | D:4      | Succumbed to Edmund's poison

Vault maps used:
D:1:      saegor_arrival_simple_c, minivault_24, columned_hall_lemuel
D:2:      nicolae_ru_sacrificial_ziggurat, nicolae_qazlal_eye_of_the_storm
D:3:      lemuel_coloured_pillars_altar, okawaru_gym_becter, old_standard_altar,
          yredelemnul_altar_generic, first_ration, roderic_roman_lattice
D:4:      nicolae_dithmenos_shadow_blocks, kennysheep_mini_moat,
          nicolae_overflow_hidden_temple, serial_shops,
          nicolae_shop_statue_plus, uniq_ijyb, uniq_edmund, uniq_menkaure

Skill      XL: |  1  2  3  4 |
---------------+-------------+-----
Polearms       | 2 |  2.1
Armour         | 2 |  2.9
Fighting       | 4 |  4.8
Maces & Flails | 1 |  1.6
Dodging        | |  0.8
Invocations    | |  2.6

Action                   |  1- 3 |  4- 6 || total
-------------------------+-------+-------++-------
Melee: Spear             |    61 |       ||    61
       Whip              |    83 |    64 ||   147
       Headbutt          |    15 |    10 ||    25
Invok: Depart the Abyss  |     1 |       ||     1
       Bend Space        |       |     3 ||     3
  Use: Potion            |     2 |     5 ||     7
       Scroll            |     2 |       ||     2
 Stab: Sleeping          |     3 |       ||     3
  Eat: Chunk             |     2 |     1 ||     3
       Ration            |     1 |     1 ||     2
Armor: Leather armour    |    52 |    27 ||    79
Dodge: Dodged            |    95 |    42 ||   137

Table legend:
 A = Spawn XP
 B = Non-spawn XP
 C = Spawn XP percentage of total XP
 D = Spawn monster count
 E = Non-spawn monster count
 F = Spawn count percentage of total count
 G = Total turns spent on level
                    A         B        C        D         E        F      G
               +---------+---------+-------+---------+---------+-------+---------
         Total |       0 |     270 |   0.0 |       0 |      49 |   0.0 |  3153
               +---------+---------+-------+---------+---------+-------+---------
           D:1 |       0 |      35 |   0.0 |       0 |      22 |   0.0 |  1012
           D:2 |       0 |      24 |   0.0 |       0 |      13 |   0.0 |   957
           D:3 |       0 |     177 |   0.0 |       0 |      13 |   0.0 |  1107
           D:4 |       0 |      34 |   0.0 |       0 |       1 |   0.0 |    77
               +---------+---------+-------+---------+---------+-------+---------
